[Event "Titled Tuesday Blitz February 15 Early 2022"]
[White "Kozin, Yuri"]
[Black "Bugayev, Vladimir"]
[WhiteFideId "4129920"]
[BlackFideId "30901480"]
[WhiteElo "2524"]
[BlackElo "2408"]
[Result "0-1"]
[Round "11"]
[TimeControl "180+1"]
[Date "2022.02.15"]
[WhiteClock "0:01:35"]
[BlackClock "0:00:53"]

1. e4 c6 2. d4 d5 3. exd5 cxd5 4. c4 Nf6 5. Nc3 Nc6 6. Bg5 e6 7. c5 Be7 8. Bb5 O-O 9. Nf3 Ne4 10. Bxe7 Nxe7 11. O-O b6 12. b4 Nxc3 13. Qd3 Nxb5 14. Qxb5 Bd7 15. Qd3 bxc5 16. dxc5 Qb8 17. Qc3 a5 18. a3 axb4 19. axb4 Rxa1 20. Rxa1 Bb5 21. h4 Nc6 22. h5 h6 23. Rb1 Qf4 24. g3 Qe4 25. Rb2 d4 26. Qa3 d3 27. Nd2 Qe1+ 28. Kg2 Nd4 29. Qc3 Bc6+ 30. Kh3 Qe2 31. Qxd4 Qxh5+ 32. Qh4 Qf5+ 33. Qg4 Qxf2 34. Nc4 Qf1+ 35. Kh4 g5+ 0-1


[Site "https://www.chess.com"]

[Event "Titled Tuesday Blitz February 15 Early 2022"]
[White "Kraus, Tomas"]
[Black "Cramling Bellon, Anna"]
[WhiteFideId "331708"]
[BlackFideId "32009232"]
[WhiteElo "2389"]
[BlackElo "1905"]
[Result "1-0"]
[Round "11"]
[TimeControl "180+1"]
[Date "2022.02.15"]
[WhiteClock "0:00:06"]
[BlackClock "0:00:03"]

1. e4 c5 2. Nc3 Nc6 3. Bb5 e6 4. Nf3 a6 5. Be2 d5 6. exd5 exd5 7. d4 Nf6 8. O-O Be6 9. Bg5 Be7 10. Qd2 O-O 11. Rad1 Ne4 12. Bxe7 Qxe7 13. Qe3 cxd4 14. Nxd4 Nxc3 15. Qxc3 Rac8 16. Qb3 Nxd4 17. Rxd4 Bf5 18. Bd3 Bxd3 19. Qxd3 Rfd8 20. c3 Qe5 21. Rd1 b5 22. Rxd5 Rxd5 23. Qxd5 Qxd5 24. Rxd5 b4 25. c4 g6 26. b3 Re8 27. Kf1 a5 28. Rxa5 Rd8 29. Ra4 Rd2 30. Rxb4 Rxa2 31. Rb8+ Kg7 32. c5 Kf6 33. b4 Ke6 34. Rb7 Rb2 35. c6 Kd6 36. b5 h5 37. g3 Rc2 38. Kg2 Rb2 39. Kf3 Rb3+ 40. Kf4 Rb4+ 41. Kg5 Rb2 42. Rd7+ Ke6 43. Rd8 Rxb5+ 44. Kh6 Rc5 45. Rc8 Kf6 46. h4 Ke7 47. Kg7 f6 48. Rc7+ Kd6 49. Rc8 g5 50. Kxf6 gxh4 51. gxh4 Rc4 52. Kg5 Rc2 53. f4 Rc4 54. f5 Ke5 55. c7 Ke4 56. Re8+ Kf3 57. c8=Q Rg4+ 58. Kxh5 1-0


[Site "https://www.chess.com"]

[Event "Titled Tuesday Blitz February 15 Early 2022"]
[White "Kretov, Evgenij"]
[Black "Vovk, Orest"]
[WhiteFideId "4167821"]
[BlackFideId "14113490"]
[WhiteElo "2303"]
[BlackElo "2203"]
[Result "0-1"]
[Round "11"]
[TimeControl "180+1"]
[Date "2022.02.15"]
[WhiteClock "0:00:30"]
[BlackClock "0:00:09"]

1. d4 e5 2. dxe5 Nc6 3. Nf3 Qe7 4. Bf4 Qb4+ 5. Bd2 Qxb2 6. Nc3 Bb4 7. Rb1 Qa3 8. Rb3 Qa5 9. a3 Bxc3 10. Bxc3 Qc5 11. e3 Nge7 12. Qd2 a6 13. e6 dxe6 14. Bxg7 Rg8 15. Bb2 b6 16. g3 Bb7 17. Bg2 Rd8 18. Rd3 Rxd3 19. cxd3 Qa5 20. O-O Qxd2 21. Nxd2 Na5 22. Be5 Bxg2 23. Kxg2 Kd8 24. Rc1 Nac6 25. Bf6 Kd7 26. Ne4 Nd5 27. Bb2 f5 28. Nc3 Nxc3 29. Bxc3 Ne7 30. Kf3 c5 31. d4 c4 32. a4 b5 33. axb5 axb5 34. Ra1 Nc6 35. Rb1 Rb8 36. Bb4 Nxb4 37. Rxb4 Kc6 38. Ke2 Ra8 39. Rb2 Ra4 40. f3 b4 41. e4 fxe4 42. fxe4 b3 43. Kd2 Ra2 44. Kc3 Rxb2 45. Kxb2 Kb5 46. Kc3 Ka4 47. d5 exd5 48. e5 Kb5 49. g4 Kc5 50. h4 d4+ 51. Kd2 Kd5 0-1


[Site "https://www.chess.com"]

[Event "Titled Tuesday Blitz February 15 Early 2022"]
[White "Krylov, Ivan"]
[Black "Domingo Nunez, Alejandro"]
[WhiteFideId "24128066"]
[BlackFideId "22245561"]
[WhiteElo "2258"]
[BlackElo "2215"]
[Result "1-0"]
[Round "11"]
[TimeControl "180+1"]
[Date "2022.02.15"]
[WhiteClock "0:00:45"]
[BlackClock "0:01:09"]

1. e4 g6 2. d4 Bg7 3. Nc3 c6 4. f3 d5 5. e5 f6 6. f4 fxe5 7. fxe5 Nh6 8. Nf3 O-O 9. Bg5 Nf5 10. Qd2 c5 11. dxc5 d4 12. O-O-O Nc6 13. Bc4+ Kh8 14. Nd5 Be6 15. Nxe7 Qd7 16. Bxe6 Qxe6 17. Nxc6 Qxa2 18. Qa5 Qc4 19. Ncxd4 Rac8 20. Qc3 Qa4 21. Qa3 Qc4 22. Nxf5 Rxf5 23. Rd4 Qe6 24. Rhd1 h6 25. Rd8+ Kh7 26. Be3 Rxd8 27. Rxd8 Rxf3 28. gxf3 Qxe5 29. Qb3 Qf6 30. Qg8# 1-0


[Site "https://www.chess.com"]

[Event "Titled Tuesday Blitz February 15 Early 2022"]
[White "Lauridsen, Jesper Morch"]
[Black "Krstulovic, Alex"]
[WhiteFideId "1401890"]
[BlackFideId "760056"]
[WhiteElo "2234"]
[BlackElo "2193"]
[Result "1/2-1/2"]
[Round "11"]
[TimeControl "180+1"]
[Date "2022.02.15"]
[WhiteClock "0:00:24"]
[BlackClock "0:01:11"]

1. e4 c5 2. Nf3 e6 3. d4 cxd4 4. Nxd4 Nf6 5. Nc3 Nc6 6. Ndb5 Bc5 7. Bf4 O-O 8. Bc7 Qe7 9. Bd6 Bxd6 10. Qxd6 Qd8 11. Qc7 Qe7 12. Qd6 Qd8 13. Qc7 Qxc7 14. Nxc7 Rb8 15. N7b5 d5 16. O-O-O dxe4 17. Nd6 e3 18. f3 Rd8 19. Bb5 Ne7 20. Nf5 Ned5 21. Nxd5 Nxd5 22. Nxe3 Bd7 23. Nxd5 Bxb5 24. Nc3 Bc6 25. Rxd8+ Rxd8 26. Rd1 Rxd1+ 27. Kxd1 Kf8 28. Kd2 Ke7 29. Ke3 Kd6 30. b4 Bd5 31. Nb5+ Kc6 32. Nxa7+ Kb6 33. Nc8+ Kc7 34. Na7 Bc4 35. a4 Kb6 36. Nc8+ Kc7 37. Na7 Kb6 38. Nc8+ Kc7 39. Na7 1/2-1/2


[Site "https://www.chess.com"]

[Event "Titled Tuesday Blitz February 15 Early 2022"]
[White "Liyanage, Ranindu Dilshan"]
[Black "Thunderbolt135"]
[WhiteFideId "9915834"]
[WhiteElo "1858"]
[BlackElo "2747"]
[Result "1/2-1/2"]
[Round "11"]
[TimeControl "180+1"]
[Date "2022.02.15"]
[WhiteClock "0:00:06"]
[BlackClock "0:00:08"]

1. d4 Nf6 2. c4 e6 3. g3 Bb4+ 4. Nd2 c5 5. a3 Bxd2+ 6. Qxd2 cxd4 7. Qxd4 Nc6 8. Qd1 O-O 9. Bg2 b6 10. Nf3 Bb7 11. O-O Rc8 12. b4 d5 13. cxd5 Nxd5 14. Bb2 Nce7 15. Qb3 Ng6 16. h4 Nf6 17. a4 Qe7 18. b5 Rfd8 19. Ba3 Qe8 20. Rac1 Bd5 21. Qb2 h5 22. Bb4 Ng4 23. Bc3 f6 24. Rfd1 Rc4 25. Nd4 Bxg2 26. Kxg2 Rdc8 27. Nc6 Ne7 28. Qb3 R8xc6 29. bxc6 Qxc6+ 30. Kg1 Nd5 31. Bd2 Qc5 32. e3 Rxc1 33. Rxc1 Qe7 34. Qc4 Ne5 35. Qe4 Qd7 36. Bc3 Nxc3 37. Rxc3 Ng4 38. Qd4 Qe8 39. Qc4 Kh7 40. Qe4+ Kh6 41. Qc6 Qe7 42. Qe4 Qe8 43. Rc7 Qd8 44. Rc2 Qd1+ 45. Kg2 e5 46. Rc8 g6 47. Rh8+ Kg7 48. Rc8 Qh1+ 49. Kxh1 Nxf2+ 50. Kg2 Nxe4 51. Rc7+ Kh6 52. Rxa7 Nc5 53. a5 bxa5 54. Rxa5 Ne4 55. Ra6 Kg7 56. Kf3 Nc5 57. Ra7+ Kh6 58. Rc7 e4+ 59. Ke2 Ne6 60. Re7 Ng7 61. Rxe4 Nf5 62. Kf2 Kg7 63. Rf4 Kf7 64. Rxf5 gxf5 65. Kf3 Ke7 66. Ke2 Kd6 67. Kf2 Ke6 68. Ke2 Kd6 69. Kf2 Kd5 70. Kf3 Ke5 71. Kf2 Kd5 72. Kf3 Ke5 73. Kf2 Kd5 1/2-1/2


[Site "https://www.chess.com"]

[Event "Titled Tuesday Blitz February 15 Early 2022"]
[White "Ljukin, Sergei"]
[Black "Varney, Zoe"]
[WhiteFideId "14102200"]
[BlackFideId "436135"]
[WhiteElo "2312"]
[BlackElo "1808"]
[Result "1-0"]
[Round "11"]
[TimeControl "180+1"]
[Date "2022.02.15"]
[WhiteClock "0:00:15"]
[BlackClock "0:00:01"]

1. e4 e5 2. Nf3 Nc6 3. Bb5 a6 4. Ba4 Nf6 5. Qe2 b5 6. Bb3 Bc5 7. c3 O-O 8. d3 h6 9. Be3 Bxe3 10. fxe3 d6 11. Nbd2 Be6 12. O-O Na5 13. Bc2 c5 14. d4 cxd4 15. exd4 Qb6 16. Kh1 Nc4 17. b3 Nxd2 18. Qxd2 exd4 19. Nxd4 Rac8 20. Rf3 d5 21. e5 Ne4 22. Bxe4 dxe4 23. Rg3 Bd7 24. Rf1 Kh7 25. Qe3 Qb7 26. Rf4 f5 27. e6 Be8 28. Nxf5 Bg6 29. Nh4 Rxc3 30. Qxc3 Rxf4 31. h3 Rxh4 32. Qe5 Rh5 33. Qd6 Rd5 34. Qf4 Qe7 35. Qg4 Bf5 36. Qh5 Qxe6 37. Qe2 1-0


[Site "https://www.chess.com"]

[Event "Titled Tuesday Blitz February 15 Early 2022"]
[White "Loy, Konstantin"]
[Black "Volkov, Maksim"]
[WhiteFideId "14122499"]
[BlackFideId "54123070"]
[WhiteElo "2084"]
[BlackElo "2081"]
[Result "0-1"]
[Round "11"]
[TimeControl "180+1"]
[Date "2022.02.15"]
[WhiteClock "0:00:04"]
[BlackClock "0:01:03"]

1. e4 c5 2. Nf3 d6 3. d4 cxd4 4. Qxd4 Nf6 5. e5 Nc6 6. Bb5 Ng4 7. exd6 Qxd6 8. Qxd6 exd6 9. O-O Be7 10. Re1 a6 11. Bxc6+ bxc6 12. h3 Nf6 13. Bf4 Be6 14. Nd4 Kd7 15. Nxe6 fxe6 16. Nc3 e5 17. Bh2 Rab8 18. b3 Rhf8 19. Rad1 Kc7 20. f4 Nd7 21. fxe5 Nxe5 22. Bxe5 dxe5 23. Rxe5 Bf6 24. Re3 Rbd8 25. Rxd8 Rxd8 26. Rf3 Rd2 27. Kh1 Rxc2 28. Ne4 Rc1+ 29. Kh2 Be5+ 30. g3 Kb6 31. Kg2 a5 32. Rf2 Re1 33. Nd2 Bd4 34. Nc4+ Kb5 35. Rd2 c5 36. h4 Kb4 37. Kf3 a4 38. Nd6 axb3 39. axb3 Kxb3 40. Nb5 Be5 41. Rd3+ Kc4 0-1


[Site "https://www.chess.com"]

[Event "Titled Tuesday Blitz February 15 Early 2022"]
[White "Maltsevskaya, Aleksandra"]
[Black "Fernandez, Michael"]
[WhiteFideId "24174041"]
[BlackFideId "5803560"]
[WhiteElo "2283"]
[BlackElo "2110"]
[Result "0-1"]
[Round "11"]
[TimeControl "180+1"]
[Date "2022.02.15"]
[WhiteClock "0:00:02"]
[BlackClock "0:00:08"]

1. e4 c5 2. Nf3 d6 3. d4 cxd4 4. Nxd4 Nf6 5. Nc3 g6 6. Be3 a6 7. f3 b5 8. a4 b4 9. Na2 e5 10. Nb3 d5 11. Bg5 Bb7 12. exd5 Qb6 13. c4 bxc3 14. Nxc3 Bb4 15. a5 Qd6 16. Ra4 Nxd5 17. Bd2 Nxc3 18. bxc3 Bc5 19. Nxc5 Qxc5 20. Rc4 Qxa5 21. Qb1 Bc6 22. Bh6 Qd5 23. Be2 Nd7 24. Rb4 Qc5 25. Qc1 Bb5 26. Bxb5 axb5 27. Be3 Qc6 28. O-O O-O 29. Rd1 Rfd8 30. Bg5 Nf6 31. Re1 Re8 32. Rh4 h5 33. g4 hxg4 34. Bxf6 Qxf6 35. Qh6 Qg7 36. Qg5 gxf3 37. Rf1 e4 38. Qxb5 e3 39. Rxf3 e2 40. Re4 Rxe4 41. Qc6 e1=Q+ 0-1


[Site "https://www.chess.com"]

[Event "Titled Tuesday Blitz February 15 Early 2022"]
[White "Martin Carmona, Gaston Manuel"]
[Black "Samunenkov, Ihor"]
[WhiteFideId "22284567"]
[BlackFideId "14187086"]
[WhiteElo "2161"]
[BlackElo "2406"]
[Result "0-1"]
[Round "11"]
[TimeControl "180+1"]
[Date "2022.02.15"]
[WhiteClock "0:02:21"]
[BlackClock "0:01:12"]

1. e4 c5 2. Nc3 Nc6 3. Nf3 g6 4. d4 cxd4 5. Nxd4 Bg7 6. Nb3 d6 7. Be2 Nf6 8. O-O O-O 9. Bg5 Be6 10. Kh1 Ne5 11. f4 Nc4 12. f5 Nxb2 13. Qc1 Bc4 14. Qxb2 Bxe2 15. Bxf6 Bxf6 16. fxg6 Bxf1 17. gxh7+ Kh8 18. Rxf1 Be5 19. Rf3 Rc8 20. Qa1 Qc7 21. Qf1 Bxc3 22. Rxf7 Bg7 0-1


[Site "https://www.chess.com"]

[Event "Titled Tuesday Blitz February 15 Early 2022"]
[White "Martirosyan, Haik M."]
[Black "Paravyan, David"]
[WhiteFideId "13306553"]
[BlackFideId "4194985"]
[WhiteElo "2735"]
[BlackElo "2569"]
[Result "1-0"]
[Round "11"]
[TimeControl "180+1"]
[Date "2022.02.15"]
[WhiteClock "0:01:29"]
[BlackClock "0:00:01"]

1. c4 Nf6 2. Nc3 c5 3. g3 d5 4. cxd5 Nxd5 5. Bg2 Nxc3 6. bxc3 e5 7. Nf3 Nc6 8. O-O Be7 9. d3 O-O 10. Nd2 Rb8 11. a4 Na5 12. Bb2 b6 13. c4 Bd6 14. Ne4 Bc7 15. Nc3 Bb7 16. Bxb7 Rxb7 17. Nd5 Nc6 18. Bc3 Bb8 19. e4 f5 20. exf5 Rxf5 21. Qg4 Rbf7 22. Rae1 Ne7 23. Ne3 R5f6 24. Qe4 Rf3 25. Bxe5 Bxe5 26. Qxe5 h6 27. Qe4 Qd7 28. Ng4 Nc6 29. Re3 R3f5 30. f4 h5 31. Nf2 Nd4 32. Qe8+ Qxe8 33. Rxe8+ Rf8 34. Re7 R5f7 35. Re3 Rd7 36. Ne4 Nc2 37. Re2 Nb4 38. Ng5 Nxd3 39. Rd1 Nxf4 40. Rxd7 Nxe2+ 41. Kg2 a5 42. Ne6 Rf6 43. Rxg7+ Kh8 44. Re7 h4 45. Nxc5 bxc5 46. Rxe2 hxg3 47. hxg3 Rb6 48. Re5 Rb4 49. Rxc5 Rxa4 50. Kf3 Ra3+ 51. Ke4 Kg7 52. g4 a4 53. Ra5 Kf7 54. Kd5 Ke7 55. Kc6 Ke6 56. g5 Kf7 57. Kb5 1-0


[Site "https://www.chess.com"]

[Event "Titled Tuesday Blitz February 15 Early 2022"]
[White "Matlakov, Maxim"]
[Black "Kucuksari, Kaan"]
[WhiteFideId "4168003"]
[BlackFideId "6380166"]
[WhiteElo "2661"]
[BlackElo "2305"]
[Result "0-1"]
[Round "11"]
[TimeControl "180+1"]
[Date "2022.02.15"]
[WhiteClock "0:00:34"]
[BlackClock "0:00:06"]

1. d4 d5 2. Nf3 Nf6 3. c3 e6 4. Bf4 c5 5. e3 Bd6 6. Bg3 O-O 7. Nbd2 Qb6 8. Rb1 Nbd7 9. Bd3 Qc7 10. O-O e5 11. dxe5 Nxe5 12. Nxe5 Bxe5 13. b4 Bxg3 14. hxg3 b6 15. bxc5 Qxc5 16. Rc1 Be6 17. Nb3 Qa3 18. Nd4 Qxa2 19. Ra1 Qb2 20. c4 Bg4 21. Qa4 dxc4 22. Bxc4 Ne4 23. f3 Nc5 24. Qd1 Bh5 25. Rc1 Bg6 26. Nc6 Qf6 27. Ne7+ Qxe7 28. e4 Rad8 29. Qc2 Qe5 30. Kh2 Qh5+ 31. Kg1 Qe5 32. Kh2 b5 33. Ba2 Ne6 34. Qc6 Qh5+ 35. Kg1 Nd4 36. Qb7 Ne2+ 37. Kf2 Nxc1 38. Rxc1 Rd2+ 39. Ke3 Rxa2 40. Rc8 Qg5+ 41. f4 Qxg3+ 42. Kd4 Rd2+ 43. Ke5 f6+ 44. Ke6 Qg4+ 45. f5 Bxf5+ 46. exf5 Qe2+ 47. Qe4 Qxe4# 0-1


[Site "https://www.chess.com"]

[Event "Titled Tuesday Blitz February 15 Early 2022"]
[White "Maung, Maung Kyaw Zaw Hein"]
[Black "Toncheva, Nadya"]
[WhiteFideId "13001698"]
[BlackFideId "2924056"]
[WhiteElo "1785"]
[BlackElo "1920"]
[Result "1/2-1/2"]
[Round "11"]
[TimeControl "180+1"]
[Date "2022.02.15"]
[WhiteClock "0:00:20"]
[BlackClock "0:00:23"]

1. Nf3 c5 2. c4 Nc6 3. d4 cxd4 4. Nxd4 g6 5. e4 Bg7 6. Be3 Nf6 7. Nc3 d6 8. Be2 O-O 9. O-O Nxd4 10. Bxd4 Bd7 11. Qd2 Bc6 12. f3 a5 13. Be3 Nd7 14. Rfd1 Nc5 15. Nd5 Bxd5 16. cxd5 Qb6 17. Rac1 Qxb2 18. Qxb2 Bxb2 19. Rb1 Bg7 20. Bxc5 dxc5 21. Rxb7 Bd4+ 22. Kf1 Rfb8 23. Rdb1 Rxb7 24. Rxb7 Kf8 25. Bc4 Rd8 26. Ra7 Bc3 27. Rb7 f6 28. Ke2 h5 29. Ke3 g5 30. Rb5 Bb4 31. g3 Rd7 32. f4 gxf4+ 33. gxf4 Kg7 34. e5 fxe5 35. fxe5 Kg6 36. Ke4 Kg5 37. Rb8 Bc3 38. Rg8+ Kh4 39. Kf5 Rb7 40. Be2 Rb2 41. Bf3 Rf2 42. Ke4 Bxe5 43. Rh8 Bxh2 44. Rxh5+ Kg3 45. Rg5+ Kh4 46. Rh5+ Kg3 47. Rg5+ Kh3 48. Rh5+ Kg3 1/2-1/2


[Site "https://www.chess.com"]

[Event "Titled Tuesday Blitz February 15 Early 2022"]
[White "Mikhailovsky, Vladimir"]
[Black "Deac, Bogdan-Daniel"]
[WhiteFideId "34105414"]
[BlackFideId "1226380"]
[WhiteElo "2371"]
[BlackElo "2646"]
[Result "0-1"]
[Round "11"]
[TimeControl "180+1"]
[Date "2022.02.15"]
[WhiteClock "0:00:01"]
[BlackClock "0:00:30"]

1. d4 Nf6 2. c4 e6 3. Nc3 Bb4 4. Nf3 d5 5. Bg5 dxc4 6. e4 h6 7. Bxf6 Qxf6 8. Bxc4 c5 9. O-O O-O 10. a3 cxd4 11. e5 Qe7 12. Qxd4 Rd8 13. Qe4 Bxc3 14. bxc3 Nd7 15. Bd3 Nf8 16. Rfd1 Qc7 17. Nd4 Qxc3 18. Nb5 Qa5 19. Nd6 Qc7 20. Rac1 Qe7 21. Rc3 f5 22. Qe3 b6 23. Rdc1 Bb7 24. Bb5 Rxd6 25. exd6 Qxd6 26. Bc6 Bxc6 27. Rxc6 Qd5 28. Rc7 Rd8 29. h3 Rd7 30. Rc8 Rf7 31. Re8 f4 32. Qe1 f3 33. Rcc8 fxg2 34. Rxe6 Kh7 35. Ree8 Ng6 36. Qb1 Rf5 37. h4 Qf3 38. Re3 Qxf2+ 39. Kh2 g1=Q+ 0-1


[Site "https://www.chess.com"]

[Event "Titled Tuesday Blitz February 15 Early 2022"]
[White "Mirzoev, Azer"]
[Black "Tsyhanchuk, Stanislav"]
[WhiteFideId "13400304"]
[BlackFideId "13505130"]
[WhiteElo "2525"]
[BlackElo "2078"]
[Result "1-0"]
[Round "11"]
[TimeControl "180+1"]
[Date "2022.02.15"]
[WhiteClock "0:00:45"]
[BlackClock "0:00:04"]

1. c4 c6 2. Nc3 d5 3. e3 Nf6 4. Nf3 g6 5. b3 Bg7 6. Bb2 O-O 7. Be2 b6 8. O-O Bb7 9. Rc1 e6 10. cxd5 exd5 11. d4 Nbd7 12. Ne5 Re8 13. f4 Qe7 14. Kh1 a6 15. Bf3 b5 16. a4 b4 17. Ne2 Nxe5 18. fxe5 Nd7 19. Nf4 Nf8 20. Nd3 Ne6 21. Bg4 a5 22. Bxe6 Qxe6 23. Nc5 Qe7 24. Rf2 Bc8 25. e4 Be6 26. Qf3 dxe4 27. Qxe4 Bd5 28. Qf4 h5 29. Rcf1 Kh7 30. Bc1 Rf8 31. h3 f6 32. Qh4 Rae8 33. exf6 Rxf6 34. Rxf6 Rf8 35. Bg5 Qe2 36. R1f2 Qe1+ 37. Kh2 Bxf6 38. Bxf6 Rf7 39. Qf4 Qe8 40. Qe5 Qf8 41. h4 Qc8 42. Rf4 Rf8 43. Qe7+ Rf7 44. Qe5 Rf8 45. Bg5 Rxf4 46. Qxf4 Qe8 47. Qe5 Qa8 48. Qe7+ Kg8 49. Bf6 Qb8+ 50. Be5 Qf8 51. Qxf8+ Kxf8 52. Bb8 Kf7 53. Bc7 Kf6 54. Bxa5 Kf5 55. Bxb4 Kg4 56. g3 Bxb3 1-0


[Site "https://www.chess.com"]

[Event "Titled Tuesday Blitz February 15 Early 2022"]
[White "Mischuk, Dmitry"]
[Black "Korkmaz, Necmettin"]
[WhiteFideId "14118734"]
[BlackFideId "6303285"]
[WhiteElo "2256"]
[BlackElo "2094"]
[Result "1-0"]
[Round "11"]
[TimeControl "180+1"]
[Date "2022.02.15"]
[WhiteClock "0:00:02"]
[BlackClock "0:01:10"]

1. Nf3 d5 2. b3 Nf6 3. c4 d4 4. Bb2 c5 5. b4 Nc6 6. b5 Nb8 7. e3 e5 8. Nxe5 Bd6 9. exd4 cxd4 10. Bxd4 O-O 11. Nf3 Re8+ 12. Be2 Qe7 13. Be3 Ng4 14. O-O Bf5 15. Nc3 Nd7 16. Nd5 Qe6 17. h3 Nxe3 18. Nxe3 Bg6 19. d4 Rad8 20. Re1 Nf6 21. Bd3 Ne4 22. Qc2 Bb4 23. Reb1 Nc3 24. Rxb4 Ne4 25. Rbb1 Qf6 26. Re1 Re7 27. Nd5 Rxd5 28. cxd5 h6 29. Bxe4 Bxe4 30. Rxe4 Rd7 31. Rae1 g6 32. Re8+ Kg7 33. R1e5 Qf4 34. Qc8 Rd6 35. Rg8+ Kf6 36. Qc7 Rxd5 37. Qe7# 1-0


[Site "https://www.chess.com"]

[Event "Titled Tuesday Blitz February 15 Early 2022"]
[White "Mohammed, Dilshad"]
[Black "Boraso, Alessio"]
[WhiteFideId "5050421"]
[BlackFideId "848077"]
[WhiteElo "2153"]
[BlackElo "2277"]
[Result "1-0"]
[Round "11"]
[TimeControl "180+1"]
[Date "2022.02.15"]
[WhiteClock "0:01:48"]
[BlackClock "0:00:02"]

1. Nf3 g5 2. c4 g4 3. Ng1 Bg7 4. h3 d6 5. hxg4 Bxg4 6. Qc2 Nc6 7. e3 Qd7 8. d4 Bf5 9. Qc3 Nf6 10. Bd3 Bxd3 11. Qxd3 Nb4 12. Qc3 c5 13. Nd2 Qf5 14. Ke2 Nc2 15. Rb1 cxd4 16. exd4 Ng4 17. Ngf3 Nxd4+ 18. Kf1 Ne6 19. Qb3 Bd4 20. Qb5+ Kf8 21. Qxf5 Nxf2 22. Nxd4 1-0


[Site "https://www.chess.com"]

[Event "Titled Tuesday Blitz February 15 Early 2022"]
[White "Moksh Amit Doshi"]
[Black "Srihari L R"]
[WhiteFideId "25064967"]
[BlackFideId "46617116"]
[WhiteElo "2245"]
[BlackElo "2121"]
[Result "0-1"]
[Round "11"]
[TimeControl "180+1"]
[Date "2022.02.15"]
[WhiteClock "0:00:05"]
[BlackClock "0:00:27"]

1. d4 d6 2. Nf3 Nf6 3. c4 Nbd7 4. Nc3 e5 5. e4 Be7 6. Be2 O-O 7. O-O c6 8. Be3 Qc7 9. Qc2 Re8 10. dxe5 dxe5 11. h3 h6 12. a3 a5 13. Rfd1 Nf8 14. Na4 Be6 15. Bb6 Qb8 16. Nc5 N8d7 17. Nxd7 Nxd7 18. Be3 a4 19. c5 Bb3 20. Qc3 Bxd1 21. Rxd1 Qc7 22. Bc4 Bxc5 23. Rxd7 Qxd7 24. Bxc5 b5 25. Ba2 Qd1+ 26. Kh2 Qa1 27. Bxf7+ Kxf7 28. Nxe5+ Kg8 29. Nxc6 Qa2 30. Ne7+ Kh7 31. Nf5 Rg8 32. Bd4 Qf7 33. f3 Rac8 34. Qd3 Rgd8 35. Qe3 Qc7+ 36. f4 g6 37. Ng3 Qc1 38. Qf2 Rc2 0-1


[Site "https://www.chess.com"]

[Event "Titled Tuesday Blitz February 15 Early 2022"]
[White "Moroni, Luca Jr"]
[Black "Safarli, Eltaj"]
[WhiteFideId "865834"]
[BlackFideId "13402129"]
[WhiteElo "2573"]
[BlackElo "2634"]
[Result "0-1"]
[Round "11"]
[TimeControl "180+1"]
[Date "2022.02.15"]
[WhiteClock "0:00:06"]
[BlackClock "0:00:19"]

1. d4 Nf6 2. Bf4 g6 3. Nc3 d5 4. Nb5 Na6 5. e3 Bg7 6. h3 O-O 7. Nf3 Ne4 8. Be2 c6 9. Na3 Qb6 10. Qc1 c5 11. c3 Bd7 12. O-O Rfc8 13. Be5 Bh6 14. Nd2 f6 15. Nxe4 fxe5 16. Bxa6 exd4 17. Bd3 dxe4 18. Bxe4 dxe3 19. fxe3 Qc7 20. Qd2 Rd8 21. Qd5+ e6 22. Qxb7 Qxb7 23. Bxb7 Rab8 24. Bf3 Rxb2 25. Nc4 Rbb8 26. Bg4 Kg7 27. Rad1 Bb5 28. Rxd8 Rxd8 29. Bxe6 Re8 30. Rf7+ Kh8 31. Bd5 Bxc4 32. Bxc4 Rxe3 33. Rxa7 Rxc3 34. Bd5 Be3+ 35. Kf1 Rc2 36. a4 c4 37. Re7 Bb6 38. Rb7 Rf2+ 39. Ke1 Rb2 40. Kd1 c3 41. Be4 Rd2+ 42. Ke1 Bf2+ 43. Kf1 Bg3 44. Rb3 Rf2+ 45. Kg1 Re2 46. Bd3 Re1+ 47. Bf1 c2 48. Rxg3 c1=Q 49. Rf3 Qc5+ 0-1


[Site "https://www.chess.com"]

[Event "Titled Tuesday Blitz February 15 Early 2022"]
[White "Mosutha, Thuso"]
[Black "Vusatiuk, Vladimir"]
[WhiteFideId "11302550"]
[BlackFideId "14118610"]
[WhiteElo "2028"]
[BlackElo "2157"]
[Result "0-1"]
[Round "11"]
[TimeControl "180+1"]
[Date "2022.02.15"]
[WhiteClock "0:00:36"]
[BlackClock "0:00:05"]

1. d4 g6 2. Bf4 Bg7 3. Nf3 d6 4. e3 Nd7 5. h3 e5 6. Bh2 Ne7 7. Be2 O-O 8. O-O f5 9. c4 e4 10. Nfd2 Nf6 11. Nc3 Be6 12. f3 exf3 13. Bxf3 c6 14. b3 d5 15. cxd5 Nexd5 16. Nxd5 Nxd5 17. Nc4 Nxe3 18. Nxe3 Bxd4 19. Qe2 f4 20. Bxf4 Rxf4 21. Rae1 Qb6 22. Kh1 Bxe3 23. Qxe3 Qxe3 24. Rxe3 Re8 25. Rfe1 Kf7 26. b4 Bd7 27. b5 Rxe3 28. Rxe3 cxb5 29. Bxb7 Ra4 30. Bd5+ Kf6 31. Bb3 Rd4 32. Rf3+ Ke7 33. Rf7+ Kd6 34. Rxh7 a5 35. Rg7 Bf5 36. Bf7 b4 37. Bxg6 Bxg6 38. Rxg6+ Kc5 39. Rg5+ Rd5 40. Rg8 a4 41. h4 b3 42. axb3 axb3 43. Rb8 Kc4 44. Kh2 Rb5 45. Rc8+ Kd3 46. Rd8+ Kc2 47. Rc8+ Kb2 48. g4 Ka2 49. Ra8+ Kb1 50. Re8 b2 51. g5 Kc2 52. Re2+ Kd3 53. Rxb2 Rxb2+ 54. Kg3 Ke4 55. Kg4 Rg2+ 56. Kh5 Kf5 57. g6 Rg4 58. Kh6 Rxh4+ 59. Kg7 Rg4 60. Kf7 Rxg6 0-1


[Site "https://www.chess.com"]

[Event "Titled Tuesday Blitz February 15 Early 2022"]
[White "Nadeev, Sergey"]
[Black "Singh, Ojasva"]
[WhiteFideId "4180038"]
[BlackFideId "25681958"]
[WhiteElo "2369"]
[BlackElo "1741"]
[Result "1-0"]
[Round "11"]
[TimeControl "180+1"]
[Date "2022.02.15"]
[WhiteClock "0:01:03"]
[BlackClock "0:00:02"]

1. d4 d5 2. Bf4 Nf6 3. e3 c5 4. dxc5 Nc6 5. Bb5 Qa5+ 6. Nc3 e6 7. a3 Ne4 8. Ne2 Nxc3 9. Nxc3 Bd7 10. Bxc6 Bxc6 11. b4 Qd8 12. O-O Be7 13. Rb1 O-O 14. Qd3 f6 15. Rfd1 Qc8 16. Bg3 Rd8 17. Qe2 e5 18. b5 Be8 19. Nxd5 Bxc5 20. a4 Bf7 21. c4 Bf8 22. f4 exf4 23. Bxf4 Qc5 24. Kh1 Bxd5 25. cxd5 Rac8 26. e4 Qc4 27. Qf3 Qxa4 28. e5 fxe5 29. Bxe5 Qc2 30. Rf1 Kh8 31. h3 Qc4 32. Qg3 Qxd5 33. Rxf8+ Rxf8 34. Qxg7# 1-0


[Site "https://www.chess.com"]

[Event "Titled Tuesday Blitz February 15 Early 2022"]
[White "Novikova, Galina"]
[Black "Chincholimath, Halsagar"]
[WhiteFideId "4157095"]
[BlackFideId "5022487"]
[WhiteElo "1863"]
[BlackElo "1737"]
[Result "0-1"]
[Round "11"]
[TimeControl "180+1"]
[Date "2022.02.15"]
[WhiteClock "0:00:04"]
[BlackClock "0:00:30"]

1. e4 c6 2. d4 d5 3. exd5 cxd5 4. c4 Nf6 5. Nc3 Nc6 6. Bg5 dxc4 7. d5 Ne5 8. Qd4 Ned7 9. Bxc4 g6 10. d6 Bg7 11. Qe3 e6 12. Nf3 Qb6 13. O-O-O O-O 14. h4 Qb4 15. Bb3 a5 16. Rd4 Qc5 17. Rd2 a4 18. Qxc5 Nxc5 19. Bc2 a3 20. b3 Bd7 21. Be3 Rac8 22. Kb1 Na6 23. Ne4 Ng4 24. Bg5 Nb4 25. Be7 Rfe8 26. h5 f5 27. hxg6 hxg6 28. Neg5 e5 29. Nh2 Nf6 30. f3 Nfd5 31. g4 Nc3+ 32. Kc1 Nbxa2# 0-1


[Site "https://www.chess.com"]

[Event "Titled Tuesday Blitz February 15 Early 2022"]
[White "Orlov, Georgi"]
[Black "Guliyev, Namig"]
[WhiteFideId "2011271"]
[BlackFideId "13400363"]
[WhiteElo "2534"]
[BlackElo "2487"]
[Result "0-1"]
[Round "11"]
[TimeControl "180+1"]
[Date "2022.02.15"]
[WhiteClock "0:00:02"]
[BlackClock "0:01:12"]

1. d4 d5 2. Nf3 Nf6 3. c4 e6 4. g3 dxc4 5. Bg2 b5 6. Ne5 Nd5 7. a4 c6 8. e4 Nb4 9. O-O Nd7 10. Nf3 Bb7 11. Nc3 a6 12. b3 cxb3 13. Qxb3 Be7 14. Bf4 O-O 15. Rad1 Qa5 16. h4 c5 17. d5 c4 18. Qa3 exd5 19. Qa1 Nc5 20. exd5 Nbd3 21. Ne2 Qxa4 22. d6 Bf6 23. Qb1 Rad8 24. Ned4 Nxf4 25. gxf4 Nd3 26. Nf5 Be4 27. Ne7+ Kh8 28. Ng5 Bxg2 29. Kxg2 Rxd6 30. Ne4 Bxe7 31. Nxd6 Bxd6 32. Kh1 b4 33. Rxd3 cxd3 34. Qxd3 Qc6+ 35. f3 Bxf4 36. Rg1 Qf6 37. Kg2 Qxh4 38. Rh1 Qg3+ 39. Kf1 h6 0-1


[Site "https://www.chess.com"]